 Dungeon Crawl Stone Soup version 0.31.0-11-ge490571c62 (webtiles) character file.

Game seed: 9520845999021474126

23 SnakkuSnakku7 the Ducker (level 3, 0/27 HPs)
             Began as a Merfolk Air Elementalist on Jan 30, 2024.
             Slain by a ball python (1 damage)
             ... on level 2 of the Dungeon.
             The game lasted 00:01:34 (858 turns).

SnakkuSnakku7 the Ducker (Merfolk Air Elementalist)  Turns: 858, Time: 00:01:35

Health: 0/27       AC:  2    Str: 10    XL:     3   Next: 0%
Magic:  4/6        EV:  9    Int: 14    God:
Gold:   40         SH:  0    Dex: 14    Spells: 5/6 levels left

rFire   . .          .
                       - Unarmed
rCold   . . .        (no shield)
rNeg    . . .        a - +0 robe
rPois   .            (no helmet)
rElec   .            (no cloak)
rCorr   .            (no gloves)
SInv    .            (no boots)
Will    .....        k - amulet of magic regeneration
Stlth   ++           (no ring)
HPRegen 0.24/turn    (no ring)
MPRegen 0.50/turn

%: no passive effects
@: lethally poisoned (0 -> -4), very slightly contaminated, constricted
A: (nimble swimmer 2), mertail
a: no special abilities


You were on level 2 of the Dungeon.
You visited 1 branch of the dungeon, and saw 2 of its levels.

You collected 40 gold pieces.

Inventory:

Armour
 a - a +0 robe (worn)
Jewellery
 k - an amulet of magic regeneration (around neck)
Scrolls
 c - a scroll of vulnerability {unknown}
 e - 2 scrolls of amnesia {unknown}
 f - a scroll of fog {unknown}
 g - 3 scrolls of identify {unknown}
 h - a scroll of brand weapon {unknown}
 i - a scroll of acquirement {unknown}
Potions
 b - a potion of magic
 j - a potion of heal wounds {unknown}
 l - a potion of berserk rage {unknown}


   Skills:
 + Level 1.8 Fighting
 - Level 2.6 Dodging
 - Level 2.1 Stealth
 + Level 1.8 Unarmed Combat
 - Level 2.0 Spellcasting
 - Level 0.7 Conjurations
 - Level 2.4 Air Magic


You had 5 spell levels left.
You knew the following spells:

 Your Spells              Type           Power      Damage    Failure   Level
a - Shock                 Conj/Air       20%        1d4       13%         1

Your spell library contained the following spells:

 Spells                   Type           Power      Damage    Failure   Level
 Static Discharge         Conj/Air       10%        3-4/arc   19%         2
 Apportation              Tloc           2%         N/A       24%         1
 Swiftness                Air            8%         N/A       26%         3
 Jinxbite                 Hex            2%         N/A       34%         2
 Airstrike                Air            4%         2d(1-17)  65%         4
 Alistair's Intoxication  Alch           0%         N/A       100%        5


Dungeon Overview and Level Annotations

Branches:
Dungeon (2/15)

Altars:


Innate Abilities, Weirdness & Mutations

((You are very nimble when in or above water. (Stealth+, EV+, Speed+++)))
Your lower body shifts to a powerful aquatic tail in water.


Message History

The adder poisons you!
You feel sick. The adder attacks as it pursues you! The adder bites you.
Unknown command.
Aiming: Shock (safe; 13% risk of failure)
Press: ? - help, Q - select action Shift-Dir - straight line The zap misses the adder.
The zap hits the adder.
The adder is heavily wounded.
You feel sick. The dart slug bites you.
Unknown command.
Aiming: Shock (safe; 13% risk of failure)
Press: ? - help, Q - select action Shift-Dir - straight line The zap misses the adder. x2; The zap hits the ball python.
The ball python is moderately wounded.
You feel sick. The adder completely misses you.
The ball python barely misses you. The ball python grabs you.
The ball python constricts you.
The dart slug bites you but does no damage.
Aiming: Shock (safe; 13% risk of failure)
Press: ? - help, Q - select action Shift-Dir - straight line The zap hits the adder.
The adder is almost dead.
The zap misses the adder.
The zap hits the ball python.
The ball python is severely wounded.
You feel sick. The adder bites you.
* * * LOW HITPOINT WARNING * * *
You are more poisoned.
The adder poisons you! The ball python barely misses you.
The ball python constricts you.
* * * LOW HITPOINT WARNING * * *
The adder bites you.
* * * LOW HITPOINT WARNING * * *
Unknown command.
Aiming: Shock (safe; 13% risk of failure)
Press: ? - help, Q - select action Shift-Dir - straight line You miscast Shock.
You are very lightly contaminated with residual magic.
Nothing appears to happen.
* * * LOW HITPOINT WARNING * * *
You feel sick. The ball python bites you.
You die...

#.###.# # ###
#..... ##.##.## #
#...>#<##.#....
.##...... ......
...... #...# #..#
#.#
####%.######.##.#
#SS...$....(.##.#
#@###..########'##
#w# #..# ##...#
#.###..# ##.....
#.##...# ##†.....
#.##...####..†....
..........S'.<.....
##.##...####.......
#......# ##......
###..### ##.....


You could see an adder, a dart slug and a ball python.

Vanquished Creatures
  5 endoplasms (D:1)
  A goblin (D:1)
  A hobgoblin (D:1)
  2 quokkas
  3 ball pythons (D:1)
  4 bats
  6 rats (D:1)
22 creatures vanquished.

Notes
Turn   | Place    | Note
-------+----------+-------------------------------------------
     0 | D:1      | SnakkuSnakku7 the Merfolk Air Elementalist began the quest
                  | for the Orb.
     0 | D:1      | Reached XP level 1. HP: 13/13 MP: 3/3
   199 | D:1      | Reached skill level 1 in Fighting
   199 | D:1      | Reached skill level 1 in Unarmed Combat
   241 | D:1      | Reached XP level 2. HP: 21/21 MP: 5/5
   816 | D:2      | Reached XP level 3. HP: 17/27 MP: 4/6
   857 | D:2      | HP: 1/27 [adder (4)]
   858 | D:2      | Slain by a ball python

Illustrated notes

Levels and vault maps discovered:
D:1:      onia_arrival_handbag, layout_basic, minmay_ruptured
D:2:      layout_loops_corners, serial_shops, shop,
          hellmonk_ecumenical_altar_watching_god

Skill      XL: |  1 |
---------------+----+-----
Fighting       | 1 |  1.8
Unarmed Combat | 1 |  1.8
Dodging        | |  2.6
Stealth        | |  2.1
Spellcasting   | |  2.0
Conjurations   | |  0.7
Air Magic      | |  2.4

Action                     || total
---------------------------++-------
  Melee: Unarmed           ||    70
         Punch             ||     1
   Cast: Shock             ||    34
    Use: Potion            ||     1
   Stab: Sleeping          ||     3
 Armour: Robe              ||    39
  Dodge: Dodged            ||    60
